 Dungeon Crawl Stone Soup version 0.27.1-34-g3ba077fa99 (webtiles) character file.

Game seed: 7422659445790511610

40 lonewolfV2 the Chopper (level 3, -6/25 (27) HPs)
             Began as a Demonspawn Gladiator on Jan 5, 2022.
             Killed by nerve-wracking pain
             ... invoked by an orc priest
              (7 damage)
             ... on level 3 of the Dungeon.
             The game lasted 00:02:10 (1838 turns).

lonewolfV2 the Chopper (Demonspawn Gladiator)       Turns: 1838, Time: 00:02:10

HP:   -6/25 (27)    AC:  5    Str: 15    XL:     3   Next: 30%
MP:   3/3           EV: 12    Int:  9    God:
Gold: 84            SH:  0    Dex: 14    Spells: 2/2 levels left

rFire    . . .     SeeInvis .   a - +0 war axe
rCold    . . .     Faith    .   (no shield)
rNeg     . . .     Spirit   .   b - +0 leather armour
rPois    .         Reflect  .   c - +0 helmet
rElec    .         Harm     .   f - scarf {+Inv}
rCorr    .         Rampage  .   (no gloves)
Will     .....                  (no boots)
Stlth    +.........             k - amulet of magic regeneration
HPRegen  0.08/turn              (no ring)
MPRegen  0.41/turn              (no ring)

@: drained
A: magic regeneration, sharp scales 1
a: Evoke Invisibility


You were on level 3 of the Dungeon.
You visited 1 branch of the dungeon, and saw 3 of its levels.

You collected 84 gold pieces.

Inventory:

Hand Weapons
 a - a +0 war axe (weapon)
Missiles
 d - 3 throwing nets (quivered)
Armour
 b - a +0 leather armour (worn)
 c - a +0 helmet (worn)
 f - a scarf of invisibility (worn)
Jewellery
 k - an amulet of magic regeneration (around neck)
Scrolls
 g - a scroll of magic mapping {unknown}
 i - a scroll of amnesia {unknown}
Potions
 e - a potion of berserk rage {unknown}
 h - a potion of brilliance {unknown}
 j - a potion of ambrosia {unknown}


   Skills:
 + Level 2.2 Fighting
 + Level 3.6 Axes
 + Level 1.7 Throwing
 + Level 0.3 Armour
 + Level 2.8 Dodging
 + Level 0.1 Stealth


You had 2 spell levels left.
You didn't know any spells.
Your spell library was empty.

Dungeon Overview and Level Annotations

Branches:
Dungeon (3/15)

Altars:


Innate Abilities, Weirdness & Mutations

You regenerate magic rapidly.
You are partially covered in razor-sharp scales. (AC +1, Slay +1)


Message History

You see here an amulet of magic regeneration.
k - an amulet of magic regeneration You start putting on your amulet.
You continue putting on your amulet of magic regeneration. x5
You finish putting on your amulet of magic regeneration.
k - an amulet of magic regeneration (around neck)
You slash the worm!
The worm is heavily wounded.
The worm bites you but does no damage.
You slash the worm!
You kill the worm!
You see here a worm corpse.
No target in view!
You now have 84 gold pieces (gained 16).
Found a short sword.
You hear the rusting of a distant drain.
You open the door.
An orc comes into view. It is wielding a +0 war axe.
There is an open door here.
An orc is nearby!
An orc is nearby!
The orc shouts!
An orc priest comes into view. It is wielding a +0 flail.
The orc priest shouts!
An orc comes into view. It is wielding a +0 mace.
The orc shouts!
The orc hits you with a +0 war axe.
The orc moves out of view.
An orc comes into view. It is wielding a +0 hand axe.
You barely miss the orc. You hit the orc priest. The orc closely misses you.
The orc priest mumbles some strange prayers to Beogh against you.
Beogh smites you! The orc hits you with a +0 war axe.
* * * LOW HITPOINT WARNING * * *
You barely miss the orc. You slash the orc priest!
The orc priest hits you but does no damage.
The orc hits you with a +0 war axe!
* * * LOW HITPOINT WARNING * * *
You feel drained.
You fail to use your ability.
The orc priest invokes the aid of Beogh against you.
Pain shoots through your body!
You die...

#.....+ ##.....#
#..###..# .......#
........ .......#
......# ....... #
.....# ..##.# #.
....# .....# #.. oo.#
..##.## #...##oo#
..##..# #.....@.#
####..#
#..###.####...
#..#####.............
#.........###.#####..
....##.#########'##
.... #..# #.....#
.... ##.## #.....#
.... #..####.....#
... ##.#........#


You could see an orc priest and 3 orcs.

Vanquished Creatures
  2 worms
  A dart slug (D:1)
  A bat (D:2)
  2 endoplasms (D:1)
  A giant cockroach (D:1)
  2 goblins (D:1)
  2 hobgoblins
  7 jackals
  5 kobolds
  A quokka (D:2)
  A ball python (D:1)
  2 frilled lizards (D:1)
27 creatures vanquished.

Notes
Turn   | Place    | Note
-------+----------+-------------------------------------------
     0 | D:1      | lonewolfV2 the Demonspawn Gladiator began the quest for the
                  | Orb.
     0 | D:1      | Reached XP level 1. HP: 16/16 MP: 1/1
   217 | D:1      | Reached skill level 3 in Axes
   355 | D:1      | Gained mutation: You are partially covered in razor-sharp
                  | scales. (AC +1, Slay +1) [demonic ancestry]
   355 | D:1      | Reached XP level 2. HP: 22/22 MP: 2/2
   880 | D:1      | Found a faded altar of an unknown god.
  1502 | D:2      | Gained mutation: You regenerate magic rapidly. [demonic
                  | ancestry]
  1502 | D:2      | Reached XP level 3. HP: 23/27 MP: 3/3
  1837 | D:3      | HP: 1/27 [orc (7)]
  1838 | D:3      | Killed from afar by an orc priest

Illustrated notes

Levels and vault maps discovered:
D:1:      matt_arrival_spirals, layout_loops_corners,
          hellmonk_ecumenical_altar_crossroads
D:2:      layout_basic
D:3:      layout_basic, portal_sewer_entry_a

Skill      XL: |  1 |
---------------+----+-----
Axes           | 3 |  3.6
Fighting       | |  2.2
Throwing       | |  1.7
Armour         | |  0.3
Dodging        | |  2.8
Stealth        | |  0.1

Action                   || total
-------------------------++-------
Melee: War axe           ||    68
Armor: Leather armour    ||    20
Dodge: Dodged            ||    58
